 Dungeon Crawl Stone Soup version 0.29.1-4-g47bece8355 (webtiles) character file.

Game seed: 17453339691873096543

874 CungeonDrawl the Trooper (level 8, -8/61 HPs)
             Began as a Djinni Conjurer on Dec 5, 2022.
             Mangled by a two-headed ogre
             ... wielding a +0 giant spiked club
              (35 damage)
             ... on level 6 of the Dungeon.
             The game lasted 00:20:59 (5935 turns).

CungeonDrawl the Trooper (Djinni Conjurer)          Turns: 5935, Time: 00:21:00

Health: -8/61      AC:  4    Str:  6    XL:     8   Next: 24%
Gold:   246        EV: 16    Int: 22    God:
                   SH:  5    Dex: 12

rFire   + + .      SeeInvis .   r - staff of air
rCold   x . .      Faith    .   (no shield)
rNeg    . . .      Spirit   .   a - +0 robe
rPois   ∞          Reflect  +   b - +0 helmet
rElec   +          Harm     .   (no cloak)
rCorr   .          Rampage  .   l - +0 pair of gloves
Will    .....                   (boots unavailable)
Stlth   ++........              e - amulet of reflection
HPRegen 0.20/turn               m - +4 ring of evasion
MPRegen 0.00/turn               (no ring)

@: about to teleport, flying
A: sickness immunity, fire resistance 2, cold vulnerability 1, float, innate
caster, HP casting, extra vitality 1
a: no special abilities


You were on level 6 of the Dungeon.
You visited 1 branch of the dungeon, and saw 6 of its levels.

You collected 246 gold pieces.

Inventory:

Armour
 a - a +0 robe (worn)
 b - a +0 helmet (worn)
 l - a +0 pair of gloves (worn)
Magical Staves
 r - a staff of air (weapon)
Jewellery
 e - an amulet of reflection (around neck)
 m - a +4 ring of evasion (left hand)
Wands
 k - a wand of roots (20)
Scrolls
 c - 2 scrolls of noise {unknown}
 d - a scroll of poison {unknown}
 h - 2 scrolls of identify
 i - 2 scrolls of brand weapon {unknown}
 j - a scroll of magic mapping {unknown}
 p - 3 scrolls of teleportation
 q - a scroll of amnesia {unknown}
 s - a scroll of silence {unknown}
 u - a scroll of fear {unknown}
 v - 2 scrolls of enchant weapon {unknown}
Potions
 f - a potion of might {unknown}
 g - 4 potions of curing {unknown}
 n - 4 potions of haste
 o - 3 potions of heal wounds {unknown}
 t - a potion of attraction {unknown}
 w - a potion of brilliance {unknown}


   Skills:
 * Level 6.0 Fighting
 - Level 2.4 Dodging
 - Level 1.8 Stealth
 - Level 5.7 Spellcasting


You couldn't memorise any spells.
You knew the following spells:

 Your Spells              Type           Power      Damage    Failure   Level
a - Magic Dart            Conj           100%       1d8       1%          1
b - Searing Ray           Conj           62%        2d6       1%          2
c - Dazzling Flash        Conj/Hex       62%        N/A       2%          3
d - Fulminant Prism       Conj/Hex       15%        3d11      9%          4
e - Iskenderun's Mystic   Conj/Tloc      31%        2d8       9%          4
f - Foxfire               Conj/Fire      100%       2x1d9     1%          1
g - Scorch                Fire           62%        2d8       1%          2
h - Portal Projectile     Hex/Tloc       62%        N/A       2%          3
Your spell library was empty.

Dungeon Overview and Level Annotations

Branches:
Dungeon (6/15)
 Temple: D:4-7

Altars:
Ashenzari

Annotations:
D:3 Grinder, Sigmund


Innate Abilities, Weirdness & Mutations

You are immune to sickness and miasma.
You are immune to poison.
Your flesh is very heat resistant. (rF++)
You are vulnerable to cold. (rC-)
You float through the air rather than walking.
You learn spells naturally, not from books.
Your magical power is your life essence.
You have superior vitality. (+4 MHP)


Message History

Flames lash the white imp.
The white imp is burned terribly!
The white imp is severely wounded.
The white imp's fire resistance burns away.
Flames lash the white imp.
The white imp is burned terribly!
You kill the white imp!
You hear the quick rusting of a very distant drain.
You hear the rapid rusting of a distant drain.
You reach down and open the door.
There is an open door here.
Press: ? - help, v - describe, . - travel, g - get item
Items here: a +2 flail of holy wrath; a +0 chain mail; the human skeleton of Edmund.
The floor.
You hear the rapid rusting of a very distant drain.
The two-headed ogre shouts in stereo!
You conjure some foxfire!
You conjure some foxfire!
The foxfire hits the two-headed ogre.
The two-headed ogre is lightly wounded.
The foxfire hits the two-headed ogre.
The two-headed ogre is lightly wounded.
Flames lash the two-headed ogre.
The two-headed ogre is lightly wounded.
The two-headed ogre's fire resistance burns away.
The foxfire hits the two-headed ogre!
The two-headed ogre is burned terribly!
The two-headed ogre is moderately wounded.
Flames lash the two-headed ogre.
The two-headed ogre is burned terribly!
The two-headed ogre is heavily wounded.
Really fly into that dispersal trap?
You enter a dispersal trap!
The two-headed ogre blinks!
You blink.
The two-headed ogre hits you with a +0 giant spiked club!!
The two-headed ogre completely misses you.
You are too injured to fight recklessly!
Casting: Scorch (safe; 1% risk of failure)
Confirm with . or Enter, or press ? or * to list all spells.
Flames lash the two-headed ogre.
The two-headed ogre is burned terribly!
The two-headed ogre is severely wounded.
As you read the scroll of teleportation, it crumbles to dust.
You feel strangely unstable.
The two-headed ogre hits you with a +0 giant spiked club!!
Ouch! That really hurt!
You die...

...###.##...#####.####.####
#......# #.# #....#
#.###..# #.# ####.#
..#.###.###..# ### #.#
.............### ### #.#
#######.###....## #.# #.#
#.........# #.# #.#
#.####)#..####.# #.#
######.####.#.@.....# #...#
#......##....O.####^#
###...O
#.#######...........# .###
#.#######.....####### .
#.......'.....###### ..
#.#######..........# ...
#......##..........# .#
#......##..........# #
#......##.....######


You could see a two-headed ogre (combustible).

Vanquished Creatures
  Edmund (D:6)
  A water moccasin (D:5)
  An ice beast (D:6)
  A howler monkey (D:5)
  2 hounds
  3 jellies
  Jessica (D:3)
  4 iguanas
  5 adders
  10 gnolls
  A shadow imp (D:6)
  3 white imps
  A worm (D:5)
  3 dart slugs
  5 endoplasms
  3 giant cockroaches
  7 hobgoblins
  5 jackals
  3 quokkas
  4 ball pythons
  7 bats
  5 frilled lizards
  5 goblins
  3 kobolds
  11 rats
95 creatures vanquished.

Vanquished Creatures (others)
  81 foxfires
  11 fungi (D:4)
92 creatures vanquished.

Grand Total: 187 creatures vanquished

Notes
Turn   | Place    | Note
-------+----------+-------------------------------------------
     0 | D:1      | CungeonDrawl the Djinni Conjurer began the quest for the
                  | Orb.
     0 | D:1      | CungeonDrawl set off with the following spells memorised:
                  | Magic Dart, Searing Ray, Dazzling Flash, Fulminant Prism,
                  | Iskenderun's Mystic Blast.
     0 | D:1      | Reached XP level 1. HP: 15/15 MP: 0/0
   210 | D:1      | Reached XP level 2. HP: 17/21 MP: 0/0
   871 | D:1      | Reached XP level 3. HP: 24/25 MP: 0/0
   871 | D:1      | Learned a level 1 spell: Foxfire
  1710 | D:2      | Reached XP level 4. HP: 29/31 MP: 0/0
  2506 | D:3      | Noticed Jessica
  2509 | D:3      | Killed Jessica
  2510 | D:3      | Reached XP level 5. HP: 32/35 MP: 0/0
  2510 | D:3      | Learned a level 2 spell: Scorch
  2567 | D:3      | Found a broken altar of Ashenzari.
  2571 | D:3      | Saw a vision of the Swamp and the Snake Pit.
  2571 | D:3      | Noticed a naga
  2571 | D:3      | Noticed a goliath frog
  2571 | D:3      | Noticed a naga mage
  2571 | D:3      | Noticed a naga
  2571 | D:3      | Noticed a shock serpent
  2571 | D:3      | Noticed a naga ritualist
  2571 | D:3      | Noticed a naga mage
  2571 | D:3      | Noticed a black mamba
  2571 | D:3      | Noticed a guardian serpent
  2571 | D:3      | Noticed a naga
  2571 | D:3      | Noticed a black mamba
  2572 | D:3      | Noticed a shock serpent
  2573 | D:3      | Noticed a black mamba
  2574 | D:3      | Noticed a vampire mosquito
  2890 | D:3      | Noticed Sigmund
  2897 | D:3      | Noticed Grinder
  3296 | D:4      | Reached skill level 5 in Spellcasting
  3441 | D:4      | Reached XP level 6. HP: 17/40 MP: 0/0
  4379 | D:5      | Entered Level 5 of the Dungeon
  4492 | D:5      | Reached skill level 1 in Fighting
  4676 | D:5      | Reached skill level 2 in Fighting
  4676 | D:5      | Reached XP level 7. HP: 45/49 MP: 0/0
  4676 | D:5      | Learned a level 3 spell: Portal Projectile
  4929 | D:5      | Noticed a water moccasin
  4945 | D:5      | Killed a water moccasin
  4946 | D:5      | Reached skill level 3 in Fighting
  4951 | D:5      | Reached skill level 4 in Fighting
  5443 | D:6      | Reached skill level 5 in Fighting
  5443 | D:6      | Reached XP level 8. HP: 45/59 MP: 0/0
  5585 | D:6      | Noticed a two-headed ogre
  5621 | D:6      | Noticed Edmund
  5635 | D:6      | Killed Edmund
  5636 | D:6      | Reached skill level 6 in Fighting
  5935 | D:6      | Mangled by a two-headed ogre

Illustrated notes

Levels and vault maps discovered:
D:1:      minmay_arrival_cross, layout_basic, minmay_split_cup_large
D:2:      layout_loops_ring, kennysheep_generic_room_4
D:3:      layout_basic, grunt_ashenzari_visionary
          [grunt_ashenzari_visionary_swamp, grunt_ashenzari_visionary_snake],
          mainiacjoe_overflow_brackets, uniq_jessica, uniq_grinder, uniq_sigmund
D:4:      layout_basic, serial_aquarium, aquarium_bridge_square
          [aquarium_subvault_wall, aquarium_subvault_wall,
          aquarium_subvault_wall, aquarium_subvault_bridge],
          aquarium_window_fake, aquarium_window_1, aquarium_view_2b,
          aquarium_pool_five
D:5:      layout_basic, minmay_fountain_box, water_maze_lemuel
D:6:      layout_basic, portal_sewer_entry_d, uniq_edmund

Skill      XL: |  1  2  3  4  5  6  7  8 |
---------------+-------------------------+-----
Spellcasting   | 4 5 |  5.7
Fighting       | 2 5 6 |  6.0
Dodging        | |  2.4
Stealth        | |  1.8

Action                   |  1- 3 |  4- 6 |  7- 9 || total
-------------------------+-------+-------+-------++-------
 Cast: Magic Dart        |    68 |    71 |     5 ||   144
       Foxfire           |     2 |    29 |    19 ||    50
       Scorch            |       |    12 |    27 ||    39
  Use: Scroll            |       |     1 |     1 ||     2
Armor: Robe              |     1 |     1 |       ||     2
Dodge: Dodged            |     6 |     6 |     5 ||    17
Block: Other             |       |     3 |     1 ||     4
